 Dungeon Crawl Stone Soup version 0.31.0-11-ge490571c62 (webtiles) character file.

Game seed: 1668810676496509743

77 browni3141 the Covered (level 4, -3/40 HPs)
             Began as a Minotaur Fighter on Jan 28, 2024.
             Slain by a gnoll
             ... wielding a +0 spear
              (5 damage)
             ... on level 2 of the Dungeon.
             The game lasted 00:01:05 (1912 turns).

browni3141 the Covered (Minotaur Fighter)           Turns: 1912, Time: 00:01:05

Health: -3/40      AC:  7    Str: 22    XL:     4   Next: 13%
Magic:  3/3        EV:  9    Int:  5    God:
Gold:   109        SH:  9    Dex: 10    Spells: 3/3 levels left

rFire   . . .        a - +0 war axe
rCold   . . .        c - +0 buckler
rNeg    . . .        b - +0 scale mail
rPois   .            (helmet restricted)
rElec   .            (no cloak)
rCorr   .            (no gloves)
SInv    .            (no boots)
Will    .....        o - amulet of reflection Stlth
                     (no ring)
HPRegen 0.26/turn    (no ring)
MPRegen 0.08/turn

%: reflection
@: no status effects
A: horns 2, retaliatory headbutt
a: no special abilities


You were on level 2 of the Dungeon.
You visited 1 branch of the dungeon, and saw 3 of its levels.

You collected 109 gold pieces.

Inventory:

Hand Weapons
 a - a +0 war axe (weapon)
Missiles
 p - 2 boomerangs (quivered)
Armour
 b - a +0 scale mail (worn)
 c - a +0 buckler (worn)
Jewellery
 o - an amulet of reflection (around neck)
Scrolls
 e - 2 scrolls of teleportation {unknown}
 f - a scroll of poison {unknown}
 g - a scroll of silence {unknown}
 h - 2 scrolls of revelation {unknown}
 k - a scroll of vulnerability {unknown}
 l - a scroll of identify {unknown}
 q - a scroll of noise {unknown}
Potions
 d - a potion of might
 i - 2 potions of curing {unknown}
 j - a potion of haste {unknown}
 m - a potion of heal wounds {unknown}
 n - a potion of lignification {unknown}
 r - a potion of invisibility {unknown}


   Skills:
 + Level 4.2 Fighting
 * Level 3.8 Axes
 + Level 4.2 Armour
 + Level 4.2 Shields


You had 3 spell levels left.
You didn't know any spells.
Your spell library contained the following spells:

 Spells                   Type           Power      Damage    Failure   Level
 Apportation              Tloc           0%         N/A       86%         1
 Jinxbite                 Hex            0%         N/A       94%         2
 Alistair's Intoxication  Alch           0%         N/A       100%        5


Dungeon Overview and Level Annotations

Branches:
Dungeon (3/15)

Altars:

Shops:
D:1 =


Innate Abilities, Weirdness & Mutations

You have a pair of horns on your head.
You reflexively headbutt those who attack you in melee.


Message History

You hear a splash.
You hit the jackal. You block the jackal's attack.
A jackal is nearby!
You barely miss the jackal. Your headbutt misses the jackal.
The jackal is severely wounded.
The jackal bites you but does no damage.
The jackal bites you.
A jackal is nearby!
You barely miss the jackal.
The jackal is severely wounded.
You block the jackal's attack.
The jackal bites you but does no damage.
You barely miss the jackal.
The jackal is severely wounded.
You block the jackal's attack. x2
A jackal is nearby!
You hit the jackal.
You kill the jackal!
Key pressed, stopping explore.
No target in view!
No target in view!
You open the huge gate.
The orc shouts!
The gnoll shouts!
You hear a shout! x2
A gnoll comes into view. It is wielding a +0 spear. x2
There is a huge open gate here.
There are monsters nearby!
A gnoll opens the door.
An orc opens the door.
There are monsters nearby!
A gnoll comes into view. It is wielding a +0 spear.
The gnoll barely misses you. The gnoll hits you but does no damage.
There is an open door here.
There are monsters nearby!
You closely miss the gnoll.
The gnoll shouts!
Your headbutt misses the gnoll. You hit the gnoll.
The gnoll hits you but does no damage. You block the gnoll's attack.
The gnoll closely misses you. You block the gnoll's attack.
There are monsters nearby!
You barely miss the gnoll.
The gnoll is moderately wounded.
You barely miss the gnoll. The gnoll closely misses you.
The gnoll hits you but does no damage.
You slash the gnoll!
The gnoll is almost dead.
You hit the gnoll. You block the gnoll's attack. x2
A gnoll comes into view. It is wielding a +2 heavy halberd.
The gnoll hits you but does no damage.
You barely miss the gnoll.
The gnoll is almost dead.
The gnoll shouts!
You hit the gnoll but do no damage. The gnoll hits you with a +0 spear.
The gnoll barely misses you. You furiously retaliate!
You headbutt the gnoll!
You kill the gnoll!
The gnoll hits you from afar with a +0 spear.
You block the gnoll's attack. The gnoll hits you but does no damage.
An orc comes into view. It is wielding a +2 whip of venom.
You block the gnoll's attack. The orc misses you.
You have reached level 4!
You feel agile. The gnoll attacks as it pursues you!
You block the gnoll's attack. x2
The orc hits you with a +0 club. You block the gnoll's attack.
The orc attacks as it pursues you! You block the orc's attack.
The gnoll hits you but does no damage.
There is a huge open gate here.
You block the gnoll's attack. The orc attacks as it pursues you!
The orc misses you. The gnoll attacks as it pursues you!
The gnoll hits you from afar with a +2 heavy halberd!
The gnoll attacks as it pursues you! You block the gnoll's attack.
The orc attacks as it pursues you! You block the orc's attack.
The orc attacks as it pursues you! You block the orc's attack.
You closely miss the orc. The orc hits you but does no damage.
You slash the orc!
You kill the orc!
You closely miss the orc.
The orc hits you with a +2 whip of venom.
The gnoll hits you from afar with a +0 spear.
You barely miss the orc. You headbutt the orc.
You kill the orc!
You block the gnoll's attack. The gnoll barely misses you.
The gnoll attacks as it pursues you! The gnoll barely misses you.
The gnoll attacks as it pursues you!
The gnoll hits you from afar with a +0 spear!
There is a stone staircase leading up, spattered with blood here.
The gnoll attacks as it pursues you!
The gnoll hits you from afar with a +0 spear!
There is a stone staircase leading up, spattered with blood here.
The gnoll barely misses you.
You climb upwards.
There is a stone staircase leading down here.
You closely miss the gnoll. The gnoll hits you with a +0 spear.
The gnoll barely misses you.
You hit the gnoll.
The gnoll is moderately wounded.
The gnoll hits you with a +0 spear.
You are too injured to fight recklessly!
You barely miss the gnoll.
The gnoll is moderately wounded.
The gnoll hits you but does no damage. The gnoll hits you with a +0 spear.
You die...

##.# #.# #.# #.###### #. #.# #.#
#.# #......# #. ##.# #.#
###.###......#####. .#.# #.#
#................#. #..#
##.###.#.####.....###.#. .###
##.#.##.#.# #.....# #.#.
.########.###.....# ###.### #.#.
...........#......# #.#####.#.
.##########.####@g######.........
.# ### #...<.......###.## .#
#.####......###.## .# #.#
#.......##.## .#
#.####............ ##
###.#..............#
##.#.#.##...........#
##.#..#.##.##.####...#
#.###.#.##.##.# #..##


You could see a gnoll.

Vanquished Creatures
  2 gnolls (D:3)
  4 orcs (D:3)
  5 bats
  2 endoplasms
  A giant cockroach (D:1)
  5 goblins
  2 hobgoblins
  10 jackals
  3 quokkas
  3 ball pythons
  2 frilled lizards
  6 kobolds
  3 rats
48 creatures vanquished.

Notes
Turn   | Place    | Note
-------+----------+-------------------------------------------
     0 | D:1      | browni3141 the Minotaur Fighter began the quest for the
                  | Orb.
     0 | D:1      | Reached XP level 1. HP: 19/19 MP: 0/0
    78 | D:1      | Reached XP level 2. HP: 23/27 MP: 1/1
   227 | D:1      | Found Gaclexuw's Jewellery Boutique.
   893 | D:2      | Reached XP level 3. HP: 33/33 MP: 2/2
  1882 | D:3      | Reached XP level 4. HP: 34/40 MP: 3/3
  1911 | D:2      | HP: 2/40 [gnoll/+0 spear (3)]
  1912 | D:2      | Slain by a gnoll

Illustrated notes

Levels and vault maps discovered:
D:1:      tarquinn_simple_flora_water_a, layout_basic, serial_shops,
          nicolae_shop_window_shopping
D:2:      layout_loops_ring
D:3:      lemuel_castle_with_subvaults [lemuel_castle_interior_carwin_1],
          layout_loops_ring, nicolae_qazlal_eye_of_the_storm,
          trog_butcher_becter, hellmonk_ecumenical_altar_inner_sanctum,
          minmay_liquid_box

Skill      XL: |  1  2  3 |
---------------+----------+-----
Axes           | 3 |  3.8
Armour         | 4 |  4.2
Fighting       | 4 |  4.2
Shields        | 4 |  4.2

Action                     |  1- 3 |  4- 6 || total
---------------------------+-------+-------++-------
  Melee: War axe           |    96 |     7 ||   103
         Headbutt          |     8 |     1 ||     9
 Armour: Scale mail        |    76 |    12 ||    88
  Dodge: Dodged            |    64 |     5 ||    69
  Block: Buckler           |    44 |     9 ||    53
